 Dungeon Crawl Stone Soup version 0.15-a0-2193-g309c75d (webtiles) character file.

7605 Ololoev the Thrower (level 10, -7/79 HPs)
             Began as a Centaur Hunter on July 22, 2014.
             Was a High Priest of Okawaru.
             Hit by a tomahawk thrown by an orc warrior (11 damage)
             ... on Level 9 of the Dungeon.
             The game lasted 00:52:40 (10594 turns).

Ololoev the Thrower (Centaur Hunter)               Turns: 10594, Time: 00:52:40

HP  -7/79        AC 18     Str 15      XL: 10   Next: 98%
MP  20/20        EV 10     Int 10      God: Okawaru [*****.]
Gold 574         SH  0     Dex 13      Spells:  0 memorised,  9 levels left

rFire  + . .     SeeInvis .     r - +1 falchion (protect)
rCold  + . .     Clarity  +     y - +2 leather armour {rF+}
rNeg   . . .     rCorr    .     (no shield)
rPois  .         rRot     .     (no helmet)
rElec  .         Spirit   .     e - +1 cloak
SustAb .         Warding  .     O - +0 pair of gloves
rMut   .         Stasis   .     (no barding)
Gourm  .                        c - amulet of clarity
MR     .....                    L - +4 ring of protection
                                d - ring of protection from cold

@: about to teleport, very slightly contaminated, very quick, not resistant to
hostile enchantments, very unstealthy
A: hooves 3, deformed body, speed 2, tough skin 3
a: Heroism, Finesse, Renounce Religion


You were on level 9 of the Dungeon.
You worshipped Okawaru.
Okawaru was extremely pleased with you.
You were not hungry.

You visited 2 branches of the dungeon, and saw 10 of its levels.

You collected 574 gold pieces.

Inventory:

Hand weapons
 r - a +1 falchion of protection (weapon)
 N - a +0 blowgun
Missiles
 p - 46 poisoned needles
 J - 8 silver tomahawks (quivered)
 P - 2 javelins of penetration
Armour
 e - a +1 cloak (worn)
 y - a +2 leather armour of fire resistance (worn)
 O - a +0 pair of gloves (worn)
Magical devices
 a - a wand of paralysis (0)
 k - a wand of cold (0)
Comestibles
 f - 10 bread rations
 h - 2 chunks of hobgoblin flesh
 i - 5 meat rations
Scrolls
 l - 3 scrolls of magic mapping
 m - 2 scrolls of blinking
 n - 4 scrolls of enchant armour
 s - a scroll of teleportation
 u - 4 scrolls of remove curse
 v - 2 scrolls of enchant weapon
 x - a scroll of amnesia
 E - a scroll of fog {unknown}
 F - a scroll of fear {unknown}
 I - 2 scrolls of recharging
Jewellery
 c - an amulet of clarity (around neck)
 d - a ring of protection from cold (left hand)
 q - an uncursed ring of protection from fire
 L - a +4 ring of protection (right hand)
 M - an uncursed ring of protection from magic
Potions
 g - a potion of cancellation
 o - a potion of poison {unknown}
 t - a potion of magic {unknown}
 w - 3 potions of flight {unknown}
 z - a potion of invisibility {unknown}
 A - 2 potions of might {unknown}
 H - 3 potions of restore abilities {unknown}
 K - a potion of resistance {unknown}
Books
 j - a book of the Earth

   Spells                             Type                      Level
   Leda's Liquefaction                Hexes/Earth                  4
   Bolt of Magma                      Conjuration/Fire/Earth       5
   Statue Form                        Transmutation/Earth          6
   Iron Shot                          Conjuration/Earth            6
   Shatter                            Earth                        9
 B - a book of Hinderance

   Spells                             Type                      Level
   Confusing Touch                    Hexes                        2
   Confuse                            Hexes                        3
   Petrify                            Transmutation/Earth          4
   Leda's Liquefaction                Hexes/Earth                  4
   Metabolic Englaciation             Hexes/Ice                    5
   Summon Mana Viper                  Hexes/Summoning              5
Rods
 G - a -2 rod of destruction (7/10)
   (You found it on level 4 of the Dungeon)


   Skills:
 - Level 4.3 Fighting
   Level 0.8(4.4) Short Blades
 - Level 10.0 Long Blades
 + Level 11.6 Throwing
 - Level 2.5 Dodging
 - Level 0.5 Stealth
 + Level 8.7 Evocations


You had 9 spell levels left.
You didn't know any spells.

Dungeon Overview and Level Annotations

Branches:
Dungeon (9/15)             Temple (1/1) D:5
    Orc: D:9-12        Lair: D:8-11

Altars:
Cheibriados
Elyvilon
Gozag
Kikubaaqudgha
Makhleb
Nemelex Xobeh
Okawaru
Qazlal
Trog
Vehumet
Yredelemnul
Zin
The Shining One


Innate Abilities, Weirdness & Mutations

You have hooves in place of feet.
Armour fits poorly on your strangely shaped body.
You cover ground very quickly.
You have extremely tough skin (AC +3).


Message History

You feel better.
The orc wizard's eyes start to glow.
The orc priest mumbles some strange prayers to Beogh.
You feel troubled.
The orc warrior throws a tomahawk.
The tomahawk hits you.
* * * LOW HITPOINT WARNING * * *
Drink which item? (? for menu, Esc to quit)
Okay, then.
Read which item? (? for menu, Esc to quit)
Blink to where?
Press: ? - help, Dir - move target cursor, p - orc priest
As you read the scroll labeled CEUD MEILAJIOMM, it crumbles to dust.
You are very lightly contaminated with residual magic.
It was a scroll of blinking.
The orc warrior throws a tomahawk.
The tomahawk hits you.
* * * LOW HITPOINT WARNING * * *
Read which item? (? for menu, Esc to quit)
As you read the scroll of teleportation, it crumbles to dust.
You feel strangely unstable.
The orc warrior throws a tomahawk.
The tomahawk hits you!
You die...

.................................
####'##+#######.............)####
.....'........#..##........))#
.....#........#..##..........#
.....#........#..##..........#
.....#........#..............#
##..##........#..............#
##..##........##########......
................@......#.......
.......................#.......
.......................#.####...
.........o.............#
########(###############
#........(o.((o.....###########
#..........o........#..........
#.####...........##.#..........
#......##..........).o.........


You could see an orc warrior.

Vanquished Creatures
  A hill giant (D:8)
  Maurice (D:8)
  An item mimic (D:8)
  The ghost of Ololoev the Thrower, an average CeHu of Okawaru (D:4)
  Prince Ribbit (D:4)
  A hydra skeleton (D:9)
  A spriggan (D:7)
  A yak (D:6)
  Eustachio (D:5)
  2 hungry ghosts (D:8)
  2 hippogriffs (D:8)
  Edmund (D:6)
  4 wargs (D:9)
  4 sky beasts
  A black bear (D:9)
  2 water moccasins (D:6)
  2 orc warriors
  2 phantoms
  A necrophage (D:9)
  3 ogres
  3 ice beasts
  A centaur (D:6)
  Sigmund (D:6)
  Duvessa (D:6)
  7 giant frogs
  2 gnoll sergeants
  A killer bee (D:9)
  A hippogriff zombie (D:7)
  A scorpion (D:6)
  5 crimson imps
  A goliath beetle (D:7)
  Dowan (D:6)
  3 jellies
  5 hounds
  Crazy Yiuf (D:6)
  8 orc priests
  5 iguanas
  6 orc wizards
  Natasha (D:4)
  9 worker ants
  A worker ant zombie (D:5)
  12 gnolls
  13 adders
  3 shadow imps
  A steam dragon skeleton (D:6)
  A worm (D:6)
  An adder skeleton (D:4)
  An iguana skeleton (D:8)
  30 orcs
  5 giant cockroaches
  18 hobgoblins
  3 jackals
  2 quokkas
  2 ball pythons (D:4)
  13 bats
  6 giant geckos
  3 giant newts
  A giant spore (D:8)
  13 goblins
  8 kobolds
  An orc skeleton (D:4)
  19 rats
  A ballistomycete (D:8)
254 creatures vanquished.

Notes
Turn   | Place    | Note
--------------------------------------------------------------
     0 | D:1      | Ololoev, the Centaur Hunter, began the quest for the Orb.
     0 | D:1      | Reached XP level 1. HP: 17/17 MP: 1/1
   275 | D:1      | Reached XP level 2. HP: 24/24 MP: 2/2
   295 | D:1      | Reached skill level 6 in Throwing
   831 | D:2      | Reached XP level 3. HP: 16/29 MP: 3/3
  1216 | D:2      | Reached skill level 7 in Throwing
  1313 | D:2      | Found a radiant altar of Vehumet.
  1548 | D:2      | Reached XP level 4. HP: 17/36 MP: 3/3
  2192 | D:3      | Reached skill level 8 in Throwing
  2402 | D:4      | Noticed Ololoev's ghost (average CeHu)
  2428 | D:4      | Killed Ololoev's ghost
  2428 | D:4      | Reached XP level 5. HP: 21/46 MP: 4/4
  2428 | D:4      | Reached XP level 6. HP: 23/52 MP: 5/5
  2578 | D:4      | Noticed Prince Ribbit
  2609 | D:5      | Entered Level 5 of the Dungeon
  2962 | D:5      | Found a staircase to the Ecumenical Temple.
  2989 | Temple   | Entered the Ecumenical Temple
  3017 | Temple   | Became a worshipper of Warmaster Okawaru
  3175 | D:5      | Found a glowing silver altar of Zin.
  3354 | D:5      | Noticed Eustachio
  3362 | D:5      | Reached skill level 1 in Evocations
  3364 | D:5      | Killed Eustachio
  3364 | D:5      | Reached skill level 9 in Throwing
  3364 | D:5      | Reached XP level 7. HP: 52/59 MP: 5/7
  3574 | D:5      | Acquired Okawaru's first power
  3969 | D:6      | Noticed Sigmund
  4174 | D:6      | Reached skill level 10 in Throwing
  4367 | D:6      | Noticed a hill giant
  4429 | D:6      | Reached XP level 8. HP: 66/66 MP: 11/11
  4457 | D:6      | Killed Sigmund
  4457 | D:6      | Reached skill level 1 in Long Blades
  4974 | D:6      | Noticed Dowan
  4983 | D:6      | Killed Dowan
  5023 | D:6      | Noticed Duvessa
  5061 | D:6      | Killed Duvessa
  5114 | D:6      | Found a sparkling altar of Nemelex Xobeh.
  5369 | D:6      | Reached skill level 5 in Long Blades
  5385 | D:6      | Paralysed by a centaur for 3 turns
  5717 | D:6      | Noticed a yak
  5732 | D:6      | Killed a yak
  5732 | D:6      | Reached XP level 9. HP: 40/71 MP: 13/13
  5843 | D:6      | Noticed Edmund
  5859 | D:6      | Killed Edmund
  5963 | D:6      | Noticed Crazy Yiuf
  5971 | D:6      | Killed Crazy Yiuf
  6347 | D:4      | Killed Prince Ribbit
  6866 | D:4      | Identified a -2 rod of destruction (10/10) (You found it on level 4 of the Dungeon)
  7147 | D:4      | Noticed Natasha
  7157 | D:4      | Killed Natasha
  7504 | D:7      | Reached skill level 5 in Evocations
  8183 | D:7      | Found a white marble altar of Elyvilon.
  8454 | D:7      | Reached XP level 10. HP: 51/79 MP: 16/16
  8762 | D:8      | Found a sparkling altar of Nemelex Xobeh.
  9019 | D:8      | Killed a hill giant
  9019 | D:8      | Reached skill level 10 in Long Blades
  9223 | D:8      | Noticed Maurice
  9304 | D:8      | Killed Maurice
  9407 | D:8      | Got a transparent golden ring
  9409 | D:8      | Identified the ring "Erepoant" {Dex-3 Int+3} (You found it on level 8 of the Dungeon)
  9635 | D:9      | Acquired Okawaru's second power
  9788 | D:9      | Reached skill level 11 in Throwing
 10177 | D:9      | Received a gift from Okawaru
 10582 | D:9      | HP: 2/79 [orc priest/divine providence (13)]
 10594 | D:9      | Hit by a tomahawk thrown by an orc warrior

Action                   |  1- 3 |  4- 6 |  7- 9 | 10-12 || total
-------------------------+-------+-------+-------+-------++-------
Melee: Mace              |    52 |       |       |       ||    52
       Spear             |    87 |   109 |       |       ||   196
       Falchion          |       |       |   436 |   349 ||   785
       Flail             |       |       |     3 |       ||     3
Throw: Stone             |    18 |    13 |   135 |       ||   166
       Javelin           |     2 |    12 |    21 |    29 ||    64
       Throwing net      |       |     2 |       |     3 ||     5
Evoke: Wand              |       |     5 |    25 |     7 ||    37
       Rod               |       |       |     3 |     8 ||    11
  Use: Scroll            |     5 |     2 |     6 |     2 ||    15
       Potion            |       |     6 |     1 |     3 ||    10
 Stab: Distracted        |       |     1 |       |       ||     1
       Paralysed         |       |       |    32 |     9 ||    41
       Confused          |       |       |     1 |       ||     1
       Fleeing           |       |       |       |     1 ||     1
  Eat: Chunk             |     1 |     2 |    10 |     7 ||    20
       Meat ration       |       |     1 |       |       ||     1
       Pizza             |       |     1 |       |       ||     1
